Map: Eternal Empire LE

Players

xSaintApocx

  • Race: Terran Terran
  • League: Silver
  • Spawn Location: 1:00

kungfu - Winner!

  • Race: Terran Terran
  • League: Silver
  • Spawn Location: 7:00

VOD

Have the link to the VOD?

Description

Time

  • Played on: Nov. 27, 2019, 2:20 a.m.
  • Length: 11:04
Show
View Real Time Build Order
Export as new Build Order

xSaintApocx Terran 

Build Orders:  

Get SALT Encoding   

  12  0:01  SCV  
  13  0:13  SCV  
  14  0:20  Supply Depot  
  14  0:29  Supply Depot  
  14  0:37  Supply Depot  
  14  0:52  Barracks  
  14  0:57  SCV  
  15  1:29  SCV  
  16  1:41  SCV  
  16  1:43  Command Center  
  17  1:51  Engineering Bay  
  17  1:53  SCV  
  18  2:01  Marine  
  19  2:06  SCV  
  20  2:16  Refinery  
  20  2:18  Marine  
  20  2:20  Refinery  
  21  2:33  SCV  
  21  2:35  Refinery  
  21  2:36  Refinery  
  22  2:45  SCV  
  23  2:57  SCV x2  
  25  3:09  SCV  
  26  3:14  SCV  
  27  3:21  SCV  
  28  3:30  Supply Depot  
  28  3:31  Supply Depot  
  28  3:33  Supply Depot, SCV  
  29  3:36  Factory  
  29  3:45  SCV  
  30  3:54  Supply Depot  
  30  3:57  SCV  
  31  4:09  SCV  
  32  4:10  Marine  
  33  4:21  SCV  
  34  4:24  Planetary Fortress  
  34  4:26  Factory Tech Lab  
  34  4:28  Marine  
  35  4:34  SCV  
  36  4:38  Armory  
  36  4:41  Armory  
  36  4:45  Starport  
  36  4:46  SCV  
  36  4:47  Marine  
  38  4:58  Planetary Fortress  
  38  5:04  Marine  
  39  5:18  Factory Tech Lab  
  39  5:32  Missile Turret  
  39  5:33  Fusion Core  
  39  5:36  Missile Turret  
  39  5:39  Missile Turret  
  39  5:43  SCV  
  39  5:44  Missile Turret  
  39  5:46  Marine  
  41  5:55  SCV  
  41  6:04  Marine  
  41  6:07  SCV  
  41  6:19  SCV  
  42  6:28  Terran Ship Weapons Level 1, Terran Vehicle And Ship Armor Level 1, Supply Depot  
  42  6:37  Starport  
  42  6:40  Starport  
  42  6:42  Weapon Refit  
  42  6:45  SCV  
  43  6:57  SCV  
  43  6:59  Battlecruiser  
  50  7:10  SCV  
  51  7:17  Starport Tech Lab  
  51  7:22  SCV  
  52  7:23  Battlecruiser  
  58  7:34  SCV  
  58  7:35  Supply Depot  
  59  7:38  Supply Depot  
  59  7:40  Supply Depot  
  59  7:43  Supply Depot  
  59  7:46  SCV  
  60  7:54  Battlecruiser  
  66  9:27  Battlecruiser  
  66  9:28  Battlecruiser x2  
  84  10:13  Command Center  
  84  10:32  Missile Turret  
  84  10:33  Refinery  
  84  10:35  Refinery  
  96  10:54  Missile Turret  
Show
View Real Time Build Order
Export as new Build Order

kungfu Terran - Winner!

Build Orders: Banshee Rush 

Get SALT Encoding   

  12  0:01  SCV  
  13  0:13  SCV  
  14  0:18  Supply Depot  
  14  0:25  SCV  
  15  0:34  Refinery  
  15  0:39  SCV  
  16  0:46  Barracks  
  16  0:51  SCV  
  17  1:03  SCV  
  18  1:16  SCV  
  19  1:37  Orbital Command  
  19  1:46  Factory  
  19  1:48  Refinery  
  19  1:54  Marine  
  20  2:06  Supply Depot, SCV  
  21  2:12  Marine  
  22  2:18  SCV  
  23  2:30  SCV  
  23  2:31  Starport, Factory Tech Lab  
  24  2:40  Barracks Reactor  
  24  2:43  SCV  
  25  2:45  Supply Depot  
  25  2:50  Barracks  
  25  2:56  SCV  
  26  3:08  Factory Tech Lab  
  26  3:11  Engineering Bay  
  26  3:18  Cloaking Field  
  26  3:20  Banshee  
  29  3:33  Siege Tank  
  32  3:39  Barracks Tech Lab  
  32  3:40  Marine  
  32  3:41  Marine  
  34  3:44  SCV  
  35  3:55  Missile Turret  
  35  4:03  Banshee  
  38  4:13  Supply Depot  
  38  4:15  Stimpack  
  38  4:17  Missile Turret  
  38  4:23  SCV  
  39  4:35  SCV  
  40  4:41  Missile Turret  
  40  4:46  Marine x2  
  42  5:00  Command Center  
  42  5:03  Medivac  
  42  5:04  Marine x2  
  46  5:15  Supply Depot  
  46  5:21  Marine  
  47  5:36  Medivac, Marine  
  47  5:39  Supply Depot  
  47  5:41  Marine  
  51  5:54  Combat Shield, Marine  
  52  5:58  Marine  
  50  6:22  Orbital Command  
  47  6:29  Missile Turret  
  47  6:31  Siege Tank  
  50  6:40  Factory  
  50  6:48  Missile Turret  
  50  6:50  Missile Turret  
  50  6:51  SCV x2  
  52  7:03  Siege Tank, SCV x2  
  57  7:11  Missile Turret  
  57  7:15  SCV  
  58  7:25  Missile Turret  
  58  7:41  Factory Tech Lab  
  58  7:43  Barracks  
  58  7:45  Siege Tank  
  61  7:57  Fusion Core  
  61  8:02  Armory x2  
  61  8:21  Marine, Marauder  
  61  8:22  Marine  
  65  8:31  Barracks  
  65  8:33  Barracks Reactor  
  65  8:34  Starport  
  65  8:39  Marine x2  
  67  8:42  Marauder  
  66  8:57  Marine x2  
  64  9:04  Marauder  
  64  9:09  Starport  
  61  9:14  Refinery x2  
  61  9:15  Marine x2  
  56  9:21  Starport Reactor  
  56  9:25  Marauder  
  56  9:26  Missile Turret  
  58  9:42  Command Center  
  58  9:45  SCV x2  
  60  9:46  Marine  
  60  9:47  Missile Turret  
  61  9:57  Barracks Reactor, SCV x2  
  61  9:59  Starport Reactor  
  63  10:06  Supply Depot  
  63  10:09  SCV  
  64  10:17  SCV  
  65  10:21  SCV  
  66  10:29  Supply Depot, SCV  
  66  10:33  SCV  
  68  10:38  Starport  
  68  10:41  Engineering Bay  
  78  10:52  SCV x2  
  80  11:01  Missile Turret  
Tags
 
Add a new tag
Caveats
  • Supply blocks, unpowered buildings, or Contaminate may cause inaccurate times.
  • Supply counts are checked every 10 seconds.